PBL
COLORADO AVALANCHE @ PORTLAND ANGELS
07/05/2047
 
TOP OF THE 1ST
Colorado Avalanche batting - Pitching for Portland Angels : LHP Lee Wendt
Pitching: LHP Lee Wendt
Batting: RHB Kevin Tangeman 0-0: Ball
1-0: Ground out U3 (Groundball, 34, EV 104.4 MPH)
Batting: LHB Mick Tucker 0-0: Ball
1-0: Ball
2-0: Called Strike
2-1: Swinging Strike
2-2: Ball
3-2: Strikes out swinging
Batting: RHB Chris Tatum 0-0: Ball
1-0: Called Strike
1-1: Ground out 6-3 (Groundball, 6, EV 85.0 MPH)
Top of the 1st over - 0 runs, 0 hits, 0 errors, 0 left on base; Colorado 0 - Portland 0
BOTTOM OF THE 1ST
Portland Angels batting - Pitching for Colorado Avalanche : LHP Josh Alvarez
Pitching: LHP Josh Alvarez
Batting: RHB Carlos Gonzales 0-0: Called Strike
0-1: Fly out, F8 (Flyball, 8RM, EV 94.4 MPH)
Batting: RHB Fernando Sosa 0-0: Called Strike
0-1: Called Strike
0-2: Foul Ball, location: 2F
0-2: Strikes out swinging
Batting: LHB Ramon Garduno 0-0: Ball
1-0: Ball
2-0: Fly out, F2 (Popup, 2RF, EV 90.6 MPH)
Bottom of the 1st over - 0 runs, 0 hits, 0 errors, 0 left on base; Colorado 0 - Portland 0
TOP OF THE 2ND
Colorado Avalanche batting - Pitching for Portland Angels : LHP Lee Wendt
Batting: RHB Seisaburo Edagawa 0-0: Called Strike
0-1: Swinging Strike
0-2: Ball
1-2: Ball
2-2: Ball
3-2: Foul Ball, location: 2F
3-2: Strikes out looking
Batting: RHB Wali Mulogo 0-0: Ball
1-0: Ball
2-0: Called Strike
2-1: Ball
3-1: Foul Ball, location: 2F
3-2: Strikes out swinging
Batting: SHB Justin Jackson 0-0: Ball
1-0: Ball
2-0: Foul Ball, location: 2F
2-1: Ball
3-1: Fly out, F7 (Flyball, 78S, EV 83.1 MPH)
Top of the 2nd over - 0 runs, 0 hits, 0 errors, 0 left on base; Colorado 0 - Portland 0
BOTTOM OF THE 2ND
Portland Angels batting - Pitching for Colorado Avalanche : LHP Josh Alvarez
Batting: SHB Yuya Hirata 0-0: Called Strike
0-1: Ball
1-1: Swinging Strike
1-2: Ball
2-2: Ball
3-2: Fly out, F7 (Flyball, 7S, EV 81.9 MPH)
Batting: RHB Arnaud Derosiers 0-0: Foul Ball, location: 2F
0-1: Ground out 5-3 (Groundball, 56, EV 88.8 MPH)
Batting: LHB Kevin Feldman 0-0: Foul Ball, location: 2F
0-1: Ball
1-1: Ball
2-1: Called Strike
2-2: Foul Ball, location: 2F
2-2: Strikes out swinging
Bottom of the 2nd over - 0 runs, 0 hits, 0 errors, 0 left on base; Colorado 0 - Portland 0
TOP OF THE 3RD
Colorado Avalanche batting - Pitching for Portland Angels : LHP Lee Wendt
Batting: LHB Glenn Lowther 0-0: Called Strike
0-1: Called Strike
0-2: Ground out 3-1 (Groundball, 34S, EV 90.6 MPH)
Batting: RHB Aaron Burnet 0-0: Ball
1-0: Swinging Strike
1-1: Foul Ball, location: 2F
1-2: Ball
2-2: Ground out 1-3 (Groundball, 13S, EV 70.0 MPH)
Batting: RHB Mike Chiquete 0-0: Ball
1-0: Called Strike
1-1: Called Strike
1-2: Foul Ball, location: 2F
1-2: Ball
2-2: Foul Ball, location: 2F
2-2: Ball
3-2: Strikes out swinging
Top of the 3rd over - 0 runs, 0 hits, 0 errors, 0 left on base; Colorado 0 - Portland 0
BOTTOM OF THE 3RD
Portland Angels batting - Pitching for Colorado Avalanche : LHP Josh Alvarez
Batting: RHB Mario Martinez 0-0: Ball
1-0: Called Strike
1-1: Ball
2-1: Swinging Strike
2-2: Fly out, F9 (Flyball, 9, EV 85.6 MPH)
Batting: RHB Dan Contreras 0-0: Called Strike
0-1: Ball
1-1: Ball
2-1: Ball
3-1: Base on Balls
Batting: LHB David Coatney 0-0: Ball
1-0: Swinging Strike
1-1: Called Strike
1-2: Ball
2-2: Strikes out swinging
Batting: RHB Carlos Gonzales 0-0: Ball
1-0: Called Strike
1-1: Ball
2-1: Swinging Strike
2-2: Fly out, F8 (Line Drive, 8LD, EV 92.5 MPH)
Bottom of the 3rd over - 0 runs, 0 hits, 0 errors, 1 left on base; Colorado 0 - Portland 0
TOP OF THE 4TH
Colorado Avalanche batting - Pitching for Portland Angels : LHP Lee Wendt
Batting: RHB Kevin Tangeman 0-0: Called Strike
0-1: Swinging Strike
0-2: Ball
1-2: Ball
2-2: Fly out, F9 (Flyball, 89M, EV 84.4 MPH)
Batting: LHB Mick Tucker 0-0: Called Strike
0-1: Swinging Strike
0-2: Strikes out swinging
Batting: RHB Chris Tatum 0-0: Called Strike
0-1: Foul Ball, location: 2F
0-2: Ball
1-2: Foul Ball, location: 2F
1-2: Ball
2-2: Foul Ball, location: 2F
2-2: SINGLE (Groundball, 6MD, EV 103.1 MPH)
Batting: RHB Seisaburo Edagawa 0-0: Ball
1-0: Ball
2-0: Ball
3-0: Called Strike
3-1: Base on Balls
Chris Tatum to second
Batting: RHB Wali Mulogo 0-0: Ball
1-0: Foul Ball, location: 2F
1-1: Foul Ball, location: 2F
Balk!
Chris Tatum to third
Seisaburo Edagawa to second
1-2: Ball
2-2: Ball
3-2: Base on Balls
Batting: SHB Justin Jackson 0-0: Called Strike
0-1: Ball
1-1: Ball
2-1: Ground out 5-3 (Groundball, 5S, EV 82.5 MPH)
Top of the 4th over - 0 runs, 1 hit, 0 errors, 3 left on base; Colorado 0 - Portland 0
BOTTOM OF THE 4TH
Portland Angels batting - Pitching for Colorado Avalanche : LHP Josh Alvarez
Batting: RHB Fernando Sosa 0-0: SINGLE (Line Drive, 8RS, EV 106.2 MPH)
Batting: LHB Ramon Garduno 0-0: Grounds into double play, 4-6-3 (Groundball, 34S, EV 83.8 MPH)
Batting: SHB Yuya Hirata 0-0: Called Strike
0-1: Foul Ball, location: 2F
0-2: Ground out 6-3 (Groundball, 6, EV 94.4 MPH)
Bottom of the 4th over - 0 runs, 1 hit, 0 errors, 0 left on base; Colorado 0 - Portland 0
TOP OF THE 5TH
Colorado Avalanche batting - Pitching for Portland Angels : LHP Lee Wendt
Pitching: LHP Benjie Dalaque
Batting: LHB Glenn Lowther 0-0: Ball
1-0: Fly out, F3 (Popup, 23F, EV 86.2 MPH)
Batting: RHB Aaron Burnet 0-0: Ball
1-0: Foul Ball, location: 2F
1-1: Ball
2-1: Ball
3-1: Swinging Strike
3-2: Strikes out swinging
Batting: RHB Mike Chiquete 0-0: Called Strike
0-1: Ball
1-1: Called Strike
1-2: Strikes out swinging
Top of the 5th over - 0 runs, 0 hits, 0 errors, 0 left on base; Colorado 0 - Portland 0
BOTTOM OF THE 5TH
Portland Angels batting - Pitching for Colorado Avalanche : LHP Josh Alvarez
Batting: RHB Arnaud Derosiers 0-0: Ground out 5-3 (Groundball, 5, EV 86.2 MPH)
Batting: LHB Kevin Feldman 0-0: Foul Ball, location: 2F
0-1: Ball
1-1: Swinging Strike
1-2: Ball
2-2: Foul Ball, location: 2F
2-2: Foul Ball, location: 7LSF, Error on foul ball, E7
2-2: Foul Ball, location: 2F
2-2: Foul Ball, location: 2F
2-2: Ground out U3 (Groundball, 3, EV 108.8 MPH)
Batting: RHB Mario Martinez 0-0: Called Strike
0-1: Ball
1-1: Ball
2-1: Ground out 4-3 (Groundball, 4, EV 81.2 MPH)
Bottom of the 5th over - 0 runs, 0 hits, 1 error, 0 left on base; Colorado 0 - Portland 0
TOP OF THE 6TH
Colorado Avalanche batting - Pitching for Portland Angels : LHP Benjie Dalaque
Batting: RHB Kevin Tangeman 0-0: Called Strike
0-1: Ball
1-1: Foul Ball, location: 2F
1-2: Ball
2-2: Ball
3-2: SOLO HOME RUN (Flyball, 78XD, EV 110.6 MPH), Distance : 425 ft
Batting: LHB Mick Tucker 0-0: Foul Ball, location: 2F
0-1: Ground out 5-3 (Groundball, 6, EV 98.1 MPH)
Batting: RHB Chris Tatum 0-0: Called Strike
0-1: Called Strike
0-2: Ball
1-2: Foul Ball, location: 2F
1-2: Foul Ball, location: 2F
1-2: Ball
2-2: Ball
3-2: Base on Balls
Batting: RHB Seisaburo Edagawa 0-0: Ball
Chris Tatum is caught stealing 2nd base 2-4
1-0: Called Strike
1-1: Ball
2-1: Called Strike
2-2: SINGLE (Groundball, 6M, EV 95.6 MPH)
Batting: RHB Wali Mulogo 0-0: Called Strike
Seisaburo Edagawa steals 2nd base
0-1: Called Strike
0-2: Ball
1-2: Foul Ball, location: 2F
1-2: Strikes out looking
Top of the 6th over - 1 run, 2 hits, 0 errors, 1 left on base; Colorado 1 - Portland 0
BOTTOM OF THE 6TH
Portland Angels batting - Pitching for Colorado Avalanche : LHP Josh Alvarez
Batting: RHB Dan Contreras 0-0: Swinging Strike
0-1: Ball
1-1: Called Strike
1-2: Foul Ball, location: 2F
1-2: DOUBLE (Flyball, 8RXD, EV 102.5 MPH)
Batting: LHB David Coatney 0-0: Ball
1-0: Called Strike
1-1: Called Strike
1-2: Ball
2-2: Strikes out swinging
Batting: RHB Carlos Gonzales 0-0: Called Strike
0-1: Ball
1-1: Ball
2-1: Swinging Strike
2-2: Foul Ball, location: 2F
2-2: Strikes out looking
Batting: RHB Fernando Sosa 0-0: Ball
1-0: Foul Ball, location: 2F
1-1: Ball
2-1: Ball
3-1: Called Strike
3-2: Base on Balls
Batting: LHB Ramon Garduno 0-0: DOUBLE (Groundball, 3L, EV 107.5 MPH)
Dan Contreras scores
Fernando Sosa to third
Runner from 3rd tries for Home, SAFE, throw by RF to trailing runner, SAFE at third!
Batting: SHB Yuya Hirata 0-0: Foul Ball, location: 2F
0-1: Ball
1-1: Ball
2-1: 2-RUN HOME RUN (Flyball, 7D, EV 92.5 MPH), Distance : 339 ft
Batting: RHB Arnaud Derosiers 0-0: Foul Ball, location: 2F
0-1: Ball
1-1: Ball
2-1: Called Strike
2-2: Ball
3-2: Strikes out swinging
Bottom of the 6th over - 4 runs, 3 hits, 0 errors, 0 left on base; Colorado 1 - Portland 4
TOP OF THE 7TH
Colorado Avalanche batting - Pitching for Portland Angels : LHP Benjie Dalaque
Batting: SHB Justin Jackson 0-0: Ball
1-0: Swinging Strike
1-1: Ball
2-1: Foul Ball, location: 2F
2-2: SINGLE (Line Drive, 8LS, EV 93.8 MPH)
Batting: LHB Glenn Lowther 0-0: SINGLE (Flyball, 56D, EV 85.0 MPH)
Justin Jackson to second
Pinch Hitting: SHB Clayton Saunders 0-0: Grounds into double play, 4-6-3 (Groundball, 4, EV 86.2 MPH)
Justin Jackson to third
Pinch Hitting: RHB Bob Hayes 0-0: Ball
1-0: Foul Ball, location: 2F
1-1: Swinging Strike
1-2: Foul Ball, location: 2F
1-2: Fly out, F3 (Popup, 3F, EV 65.6 MPH)
Top of the 7th over - 0 runs, 2 hits, 0 errors, 1 left on base; Colorado 1 - Portland 4
BOTTOM OF THE 7TH
Portland Angels batting - Pitching for Colorado Avalanche : LHP Josh Alvarez
Now at SS: Bob Hayes
Now in CF: Glenn Lowther
Now in RF: Clayton Saunders
Batting: LHB Kevin Feldman 0-0: Ball
1-0: Ball
2-0: Ground out 5-3 (Groundball, 5, EV 101.9 MPH)
Batting: RHB Mario Martinez 0-0: Ball
1-0: Called Strike
1-1: Ball
2-1: Foul Ball, location: 2F
2-2: Foul Ball, location: 2F
2-2: Fly out, F9 (Flyball, 89S, EV 83.8 MPH)
Batting: RHB Dan Contreras 0-0: Called Strike
0-1: Ball
1-1: Foul Ball, location: 2F
1-2: Ball
2-2: Strikes out looking
Bottom of the 7th over - 0 runs, 0 hits, 0 errors, 0 left on base; Colorado 1 - Portland 4
TOP OF THE 8TH
Colorado Avalanche batting - Pitching for Portland Angels : LHP Benjie Dalaque
Batting: RHB Kevin Tangeman 0-0: Ball
1-0: Foul Ball, location: 2F
1-1: Ball
2-1: Ball
3-1: SOLO HOME RUN (Flyball, 7LD, EV 93.8 MPH), Distance : 345 ft
Batting: LHB Mick Tucker 0-0: Ball
1-0: Ball
2-0: Ball
3-0: Base on Balls
Pitching: LHP Kichizo Nakazawa
Batting: RHB Chris Tatum 0-0: Ball
1-0: Fly out, F7 (Flyball, 7LS, EV 75.0 MPH)
Batting: RHB Seisaburo Edagawa 0-0: Fly out, F8 (Flyball, 89M, EV 72.5 MPH)
Batting: RHB Wali Mulogo 0-0: Foul Ball, location: 2F
0-1: Ball
1-1: Ball
2-1: Foul Ball, location: 2F
2-2: Foul Ball, location: 2F
2-2: Strikes out swinging
Top of the 8th over - 1 run, 1 hit, 0 errors, 1 left on base; Colorado 2 - Portland 4
BOTTOM OF THE 8TH
Portland Angels batting - Pitching for Colorado Avalanche : LHP Josh Alvarez
Batting: LHB David Coatney 0-0: Ball
1-0: Ball
2-0: Fly out, F7 (Line Drive, 7, EV 93.1 MPH)
Batting: RHB Carlos Gonzales 0-0: Ball
1-0: Called Strike
1-1: Swinging Strike
1-2: Ball
2-2: Strikes out swinging
Batting: RHB Fernando Sosa 0-0: Foul Ball, location: 2F
0-1: Swinging Strike
0-2: Ball
1-2: Ball
2-2: Fly out, F8 (Line Drive, 8LM, EV 108.8 MPH)
Bottom of the 8th over - 0 runs, 0 hits, 0 errors, 0 left on base; Colorado 2 - Portland 4
TOP OF THE 9TH
Colorado Avalanche batting - Pitching for Portland Angels : LHP Kichizo Nakazawa
Pitching: RHP John Martin
Batting: SHB Justin Jackson 0-0: Ball
1-0: Ball
2-0: Foul Ball, location: 2F
2-1: Ground out U3 (Groundball, 34, EV 105.6 MPH)
Batting: LHB Glenn Lowther 0-0: Ball
1-0: Ground out 4-3 (Groundball, 4D, EV 106.2 MPH)
Batting: SHB Clayton Saunders 0-0: SINGLE (Groundball, 3D, EV 98.1 MPH)
Batting: RHB Bob Hayes 0-0: Ball
Passed Ball!
Clayton Saunders to second
1-0: Swinging Strike
1-1: Foul Ball, location: 2F
1-2: Foul Ball, location: 2F
1-2: Strikes out looking
Top of the 9th over - 0 runs, 1 hit, 0 errors, 1 left on base; Colorado 2 - Portland 4
Thursday, December 15th , 2022 - OOTP Baseball 23.9 Build 102